 Dungeon Crawl Stone Soup version 0.27.1-2-g3b301248ec (webtiles) character file.

Game seed: 6765892298885029938

17222 rogsnak the Zephyrmancer (level 12, -7/94 HPs)
             Began as a Black Draconian Air Elementalist on Oct 2, 2021.
             Was an Elder of Sif Muna.
             Shot with an arrow by a centaur warrior (27 damage)
             ... on level 13 of the Dungeon on Oct 3, 2021.
             The game lasted 01:00:26 (19480 turns).

rogsnak the Zephyrmancer (DrAE)                    Turns: 19480, Time: 01:00:27

Health: -7/94      AC:  8    Str: 12    XL:     12   Next: 17%
Magic:  17/27      EV: 17    Int: 20    God:    Sif Muna [****..]
Gold:   565        SH:  3    Dex: 11    Spells: 21/33 levels left

rFire    + . .     SeeInvis .   J - +2 war axe (freeze)
rCold    + . .     Faith    +   R - +0 buckler
rNeg     . . .     Spirit   .   (armour unavailable)
rPois    +         Reflect  .   (helmet restricted)
rElec    +         Harm     .   m - scarf {rC+ rF+}
rCorr    .         Rampage  .   (no gloves)
Will     .....                  (no boots)
Stlth    ++........             g - amulet of faith
HPRegen  0.25/turn              h - ring of poison resistance
MPRegen  0.20/turn              P - +4 ring of evasion

@: no status effects
A: breathe lightning, AC +8, unfitting armour, electricity resistance,
cold-blooded
a: Breathe Lightning, Renounce Religion, Channel Magic, Forget Spell, Divine
Exegesis


You were on level 13 of the Dungeon.
You worshipped Sif Muna.
Sif Muna was greatly pleased with you.
You visited 2 branches of the dungeon, and saw 14 of its levels.
You also visited: Ossuary.

You collected 565 gold pieces.

Inventory:

Hand Weapons
 a - a +0 scimitar of flaming
 y - a +1 mace of protection
 J - a +2 war axe of freezing (weapon)
Missiles
 A - 5 poisoned darts
 B - 2 throwing nets
 S - 8 curare-tipped darts
 Z - 4 javelins
Armour
 l - the +0 kite shield of the Blind Marksman {rF+}
   (You found it on level 9 of the Dungeon)

   rF:        It protects you from fire.
 m - a scarf of resistance (worn)
 I - a +0 buckler
 R - a +0 buckler (worn)
Magical Staves
 K - a staff of fire
Jewellery
 c - a ring of positive energy
 g - an amulet of faith (around neck)
 h - a ring of poison resistance (left hand)
 k - the amulet "Rotatox" {RegenMP rN+}
   (You took it off a centaur warrior on level 9 of the Dungeon)

   [amulet of magic regeneration]

   It increases your rate of magic regeneration.
   rN:        It protects you from negative energy.
 s - the ring of Liberalism {rPois rN++ AC+4 Int-5}
   (You found it on level 9 of the Dungeon)

   [ring of protection]

   AC:        It affects your AC (+4).
   Int:       It affects your intelligence (-5).
   rPois:     It protects you from poison.
   rN:        It greatly protects you from negative energy.
 F - an amulet of reflection
 G - a ring of wizardry
 P - a +4 ring of evasion (right hand)
Wands
 d - a wand of charming (9)
 o - a wand of digging (11)
 w - a wand of mindburst (20)
 L - a wand of polymorph (21)
 M - a wand of iceblast (2)
 Y - a wand of flame (9)
Scrolls
 i - a scroll of fog
 p - 4 scrolls of enchant weapon {unknown}
 r - 5 scrolls of teleportation
 u - 2 scrolls of blinking
 z - a scroll of holy word
 E - 3 scrolls of vulnerability {unknown}
 O - 2 scrolls of immolation
 Q - 6 scrolls of magic mapping {unknown}
 W - 2 scrolls of enchant armour
Potions
 j - 5 potions of flight {unknown}
 n - 3 potions of curing {unknown}
 q - a potion of invisibility
 t - 2 potions of mutation
 v - 2 potions of haste
 x - 2 potions of heal wounds
 C - 5 potions of magic {unknown}
 H - a potion of berserk rage
 T - 2 potions of brilliance
 U - 3 potions of lignification {unknown}
 V - 2 potions of might {unknown}
Miscellaneous
 e - a phial of floods


   Skills:
 + Level 5.1 Fighting
 + Level 0.6 Long Blades
 + Level 2.2 Axes
 + Level 6.3 Dodging
 - Level 1.7 Stealth
 + Level 0.1 Shields
 + Level 11.2 Spellcasting
 + Level 8.3 Conjurations
 + Level 0.2 Transmutations
 + Level 12.9 Air Magic
 + Level 0.3 Evocations


You had 21 spell levels left.
You knew the following spells:

 Your Spells              Type           Power      Damage    Failure   Level
a - Shock                 Conj/Air       100%       1d9       1%          1
b - Swiftness             Air            58%        N/A       1%          3
c - Airstrike             Air            29%        N/A       1%          4
d - Mephitic Cloud        Conj/Pois/Air  39%        N/A       1%          3
e - Beastly Appendage     Tmut           24%        N/A       9%          1

Your spell library contained the following spells:

 Spells                   Type           Power      Damage    Failure   Level
 Magic Dart               Conj           100%       1d8       1%          1
 Static Discharge         Conj/Air       52%        N/A       1%          2
 Animate Skeleton         Necr           22%        N/A       10%         1
 Pain                     Necr           44%        1d6       10%         1
 Wereblood                Tmut           12%        N/A       14%         2
 Call Imp                 Summ           11%        N/A       16%         2
 Sublimation of Blood     Necr           5%         N/A       16%         2
 Spider Form              Tmut/Pois      5%         N/A       28%         3
 Gell's Gravitas          Tloc           5%         N/A       30%         3
 Teleport Other           Tloc           11%        N/A       30%         3
 Vampiric Draining        Necr           5%         2d6       30%         3
 Irradiate                Conj/Tmut      14%        3d18      43%         5
 Petrify                  Tmut/Erth      11%        N/A       67%         4
 Death Channel            Necr           5%         N/A       100%        6
 Dispersal                Tloc           5%         N/A       100%        6
 Summon Hydra             Summ           5%         N/A       100%        7


Dungeon Overview and Level Annotations

Branches:
Dungeon (13/15)            Temple (1/1) D:4            Lair (0/6) D:11
Ossuary (visited)
    Orc: D:9-12      Vaults: D:13-14

Altars:
Ashenzari
Cheibriados
Dithmenos
Elyvilon
Fedhas
Gozag
Hepliaklqana
Kikubaaqudgha
Makhleb
Nemelex Xobeh
Okawaru
Qazlal
Ru
Sif Muna
Trog
Uskayaw
Vehumet
Wu Jian
Xom
Yredelemnul
Zin
The Shining One

Shops:
D:10 [

Annotations:
D:6 3 runed translucent doors, jlumianski's ghost, novice DDFi


Innate Abilities, Weirdness & Mutations

You can breathe wild blasts of lightning.
Your glossy black scales are hard. (AC +8)
You cannot fit into any form of body armour.
You are resistant to electric shocks. (rElec)
You are cold-blooded and may be slowed by cold attacks.


Message History

The centaur warrior shoots an arrow.
The arrow hits you!
The centaur warrior shoots an arrow.
You block the arrow.
Casting: Shock (safe; 1% risk of failure)
Confirm with . or Enter, or press ? or * to list all spells.
Aiming: Mephitic Cloud (safe; 1% risk of failure)
Press: ? - help, Shift-Dir - straight line, f - centaur warrior
Aim: a centaur warrior, wielding a +0 shortbow and quivering arrows (chance to affect: 53%)
The ball explodes into a vile cloud!
The stinking cloud engulfs the centaur warrior but does no damage.
The centaur warrior is engulfed in noxious fumes.
The centaur warrior shoots an arrow.
The arrow hits you!
Unknown command.
Unknown command.
Casting: Mephitic Cloud (safe; 1% risk of failure)
Confirm with . or Enter, or press ? or * to list all spells.
Aiming: Airstrike (mildly dangerous; 1% risk of failure)
Press: ? - help, Dir - move target, f/p - centaur warrior
Aim: a centaur warrior, wielding a +0 shortbow and quivering arrows (noxious fumes, lightly wounded)
The air twists around and strikes the centaur warrior!
The centaur warrior is moderately wounded.
The centaur warrior is engulfed in noxious fumes.
The centaur warrior shoots an arrow.
The arrow hits you!!
* * * LOW HITPOINT WARNING * * *
The centaur warrior is engulfed in noxious fumes.
Unknown command.
Unknown command.
The centaur warrior shoots an arrow.
The arrow hits you!
* * * LOW HITPOINT WARNING * * *
Unknown command.
Casting: Airstrike (mildly dangerous; 1% risk of failure)
Confirm with . or Enter, or press ? or * to list all spells.
Aiming: Mephitic Cloud (safe; 1% risk of failure)
Press: ? - help, Shift-Dir - straight line, f/p - centaur warrior
Aim: a centaur warrior, wielding a +0 shortbow and quivering arrows (moderately wounded, chance to affect: 53%)
The ball explodes into a vile cloud!
The stinking cloud engulfs the centaur warrior but does no damage.
The centaur warrior is moderately wounded.
The centaur warrior is engulfed in noxious fumes.
The centaur warrior shoots an arrow.
The arrow hits you!!
You die...

...# .....# ## ..☼.#
#J ☼○.. # #J c○. .###.
####☼### #.#.
#.$....## #..
#.......# #.#
#.##@#..#####.#######
# #........#.......#
#.##........#.#####.#
.........#####.#####..
##.##................#
#.......###.#.##.##..
####.#### #.#.##.##.#
#.# #.#.......# #.
#.##.#.####


You could see a centaur warrior.

Vanquished Creatures
  A catoblepas (D:9)
  3 hydras
  A centaur warrior (D:9)
  3 two-headed ogres
  A mana viper (shapeshifter) (D:8)
  A cyclops (D:9)
  An ugly thing (D:10)
  9 centaur zombies
  A gargoyle (D:8)
  A rime drake (D:9)
  A komodo dragon (D:10)
  A freezing wraith (D:10)
  An efreet (D:8)
  A troll (D:8)
  Grinder (D:6)
  5 slime creatures
  Sigmund (D:3)
  A shadow (D:10)
  2 wyverns
  A vampire (D:13)
  6 yaks
  3 vampire mosquitoes (D:10)
  Grum (D:9)
  A steam dragon (D:9)
  Edmund (D:6)
  2 water moccasins
  6 ice beasts
  3 hornet zombies (Ossuary)
  2 necrophages (D:4)
  An orc warrior (D:9)
  3 wolves (D:9)
  A boggart (D:8)
  2 centaurs
  2 phantoms
  A kobold brigand (D:9)
  A bullfrog (D:6)
  A wyvern zombie (D:8)
  5 scorpions
  3 water moccasin zombies (Ossuary)
  A gnoll sergeant (D:10)
  3 water moccasin skeletons
  7 wights
  3 killer bees (D:8)
  5 howler monkeys
  An electric eel (D:7)
  6 bullfrog zombies
  2 centaur skeletons
  4 orc priests
  Crazy Yiuf (D:2)
  A gnoll shaman (D:6)
  3 hounds
  2 jellies
  Ijyb (D:3)
  Jessica (D:2)
  Natasha (thrice) (D:3)
  An iguana (D:4)
  4 orc wizards
  5 killer bee zombies (Ossuary)
  14 mummies
  4 howler monkey zombies
  10 gnolls
  6 adders
  A howler monkey skeleton (D:5)
  2 white imps
  3 worms
  4 dart slugs
  27 orcs
  7 bats
  4 endoplasms
  5 giant cockroaches
  6 goblins
  7 hobgoblins
  4 kobolds
  2 quokkas
  9 ball pythons
  2 frilled lizards (D:1)
  A hobgoblin skeleton (D:11)
  3 hobgoblin zombies
  A jackal skeleton (D:4)
  2 kobold zombies (D:4)
  4 orc zombies
  6 rats
270 creatures vanquished.

Vanquished Creatures (others)
  3 withered plants (Ossuary)
3 creatures vanquished.

Grand Total: 273 creatures vanquished

Notes
Turn   | Place    | Note
-------+----------+-------------------------------------------
     0 | D:1      | rogsnak the Draconian Air Elementalist began the quest for
                  | the Orb.
     0 | D:1      | Reached XP level 1. HP: 14/14 MP: 3/3
   343 | D:1      | Reached XP level 2. HP: 9/20 MP: 0/5
  1196 | D:1      | Reached XP level 3. HP: 26/26 MP: 3/6
  1200 | D:1      | Learned a level 3 spell: Swiftness
  1880 | D:2      | Reached skill level 4 in Air Magic
  1880 | D:2      | Reached XP level 4. HP: 33/33 MP: 1/8
  2027 | D:2      | Noticed Jessica
  2043 | D:2      | Killed Jessica
  2392 | D:2      | Found a faded altar of an unknown god.
  2409 | D:2      | Got the Grimoire of Doomed Transmutation
  2551 | D:2      | Found a runed translucent door.
  2558 | D:2      | Learned a level 4 spell: Airstrike
  2581 | D:2      | Noticed Crazy Yiuf
  2789 | D:2      | Killed Crazy Yiuf
  2790 | D:2      | Reached XP level 5. HP: 18/38 MP: 5/10
  3231 | D:3      | Noticed Sigmund
  3247 | D:3      | Killed Sigmund
  3248 | D:3      | Reached XP level 6. HP: 10/45 MP: 2/12
  3557 | D:3      | Reached skill level 5 in Air Magic
  3801 | D:3      | Noticed Natasha
  3819 | D:3      | Killed Natasha
  3874 | D:3      | Noticed Ijyb
  3890 | D:3      | Killed Ijyb
  4084 | D:3      | Noticed Natasha
  4092 | D:3      | Killed Natasha
  4136 | D:3      | Noticed Natasha
  4162 | D:3      | Killed Natasha
  4437 | D:4      | Your scales start taking on a glossy black colour.
  4437 | D:4      | Reached skill level 6 in Air Magic
  4437 | D:4      | Reached XP level 7. HP: 50/50 MP: 7/14
  4437 | D:4      | Gained mutation: You are resistant to electric shocks.
                  | (rElec) [Black Draconian growth]
  4638 | D:4      | Reached skill level 5 in Spellcasting
  4650 | D:4      | Reached skill level 7 in Air Magic
  5152 | D:4      | Found a staircase to the Ecumenical Temple.
  5162 | Temple   | Entered the Ecumenical Temple
  5245 | Temple   | Became a worshipper of Ru the Awakened
  5549 | D:5      | Entered Level 5 of the Dungeon
  5628 | D:5      | Noticed a komodo dragon
  5886 | D:5      | Found a broken altar of Ashenzari.
  5910 | D:5      | Reached skill level 1 in Fighting
  5910 | D:5      | Reached XP level 8. HP: 54/59 MP: 7/16
  6032 | D:5      | Found a shimmering blue altar of Sif Muna.
  6035 | D:5      | Fell from the grace of Ru
  6035 | D:5      | Became a worshipper of Sif Muna the Loreminder
  6147 | D:5      | Found a glowing silver altar of Zin.
  6718 | D:6      | Reached skill level 5 in Conjurations
  6762 | D:6      | Found a runed translucent gate.
  6762 | D:6      | Found a runed translucent gate.
  6763 | D:6      | Found a runed translucent gate.
  6769 | D:6      | Noticed jlumianski's ghost (novice DDFi)
  6781 | D:6      | Reached skill level 8 in Air Magic
  7069 | D:6      | Noticed Grinder
  7079 | D:6      | Killed Grinder
  7342 | D:6      | Reached XP level 9. HP: 56/67 MP: 12/19
  7578 | D:6      | Noticed Edmund
  7589 | D:6      | Reached * piety under Sif Muna
  7634 | D:6      | Killed Edmund
  8425 | D:7      | Reached skill level 9 in Air Magic
  8550 | D:7      | Found a stormy altar of Qazlal.
  8763 | D:7      | Found a shadowy altar of Dithmenos.
  8887 | D:7      | Found a sand-covered staircase.
  8893 | Ossuary  | Entered an ossuary
  9200 | Ossuary  | Reached ** piety under Sif Muna
  9926 | Ossuary  | Reached XP level 10. HP: 63/77 MP: 18/21
 10427 | D:7      | Reached skill level 5 in Dodging
 10566 | D:7      | Reached skill level 10 in Air Magic
 10615 | D:7      | You fall into a shaft and drop 2 floors!
 10803 | D:9      | Found an iron altar of Okawaru.
 10838 | D:9      | Noticed an eight-headed hydra
 10874 | D:10     | Entered Level 10 of the Dungeon
 10884 | D:10     | Found Sein's Antique Armour Emporium.
 11039 | D:10     | Reached *** piety under Sif Muna
 11567 | D:10     | Noticed a cyan ugly thing
 11637 | D:10     | Noticed a two-headed ogre
 11737 | D:10     | Noticed a two-headed ogre
 11800 | D:9      | Noticed a five-headed hydra
 11801 | D:9      | Noticed a centaur warrior
 11816 | D:9      | Noticed an eight-headed hydra
 13493 | D:8      | Noticed a two-headed ogre
 13498 | D:8      | Killed a two-headed ogre
 13499 | D:8      | Reached skill level 11 in Air Magic
 13508 | D:8      | Noticed a gargoyle
 13548 | D:8      | Killed a gargoyle
 13920 | D:8      | Reached XP level 11. HP: 78/85 MP: 11/24
 14004 | D:8      | Noticed a four-headed hydra
 14032 | D:8      | Noticed a swamp dragon
 14042 | D:8      | Learned a level 3 spell: Mephitic Cloud
 14060 | D:8      | Noticed a two-headed ogre
 14102 | D:8      | Noticed a mana viper
 14108 | D:8      | Killed a mana viper
 14341 | D:8      | Killed a one-headed hydra
 14696 | D:9      | Found a hazy altar of Hepliaklqana.
 14718 | D:9      | Noticed Grum
 14750 | D:9      | Killed Grum
 14899 | D:9      | Reached **** piety under Sif Muna
 14921 | D:9      | Identified the +0 kite shield of the Blind Marksman {rF+}
 14963 | D:9      | Noticed a catoblepas
 15051 | D:9      | Found a snail-covered altar of Cheibriados.
 15082 | D:9      | Found an opulent altar of Gozag.
 15202 | D:9      | Killed a five-headed hydra
 15274 | D:9      | Identified the ring "Vuoffamm" {rC+ MP+9 SInv}
 15274 | D:9      | Noticed a tengu warrior
 15347 | D:9      | Identified the ring of Liberalism {rPois rN++ AC+4 Int-5}
 15352 | D:9      | Reached skill level 10 in Spellcasting
 15459 | D:9      | Killed a catoblepas
 15460 | D:9      | Reached skill level 12 in Air Magic
 15646 | D:9      | Reached skill level 1 in Axes
 15835 | D:9      | Learned a level 1 spell: Beastly Appendage
 16405 | D:9      | Identified the amulet "Rotatox" {RegenMP rN+}
 16410 | D:9      | Killed a centaur warrior
 16411 | D:9      | Reached skill level 5 in Fighting
 17144 | D:10     | Killed a cyan ugly thing
 17285 | D:9      | Identified the ring "Uleh" {Wiz Str+4 Dex+2}
 17524 | D:11     | Found a staircase to the Lair.
 17741 | D:11     | Noticed an eight-headed hydra
 18011 | D:10     | Killed a two-headed ogre
 18154 | D:10     | Killed a two-headed ogre
 18256 | D:10     | Identified the +0 robe of Sloth {Harm rN+ Regen+ Slay-2}
 18346 | D:10     | Reached XP level 12. HP: 64/94 MP: 7/27
 18729 | D:12     | Noticed a seven-headed hydra
 18916 | D:12     | Killed a seven-headed hydra
 19329 | D:13     | Noticed a two-headed ogre
 19474 | D:13     | Noticed a centaur warrior
 19480 | D:13     | Shot with an arrow by a centaur warrior

Illustrated notes

Levels and vault maps discovered:
D:1:      mainiacjoe_arrival_reflecting_pool, layout_loops_corners
D:2:      layout_rooms, ebering_ecumenical_altar_ruins, st_stairs_8,
          hangedman_decor_clover_reticule, kennysheep_generic_room_11,
          uniq_crazy_yiuf_cottage, uniq_jessica
D:3:      layout_basic, uniq_natasha, uniq_ijyb, uniq_sigmund
D:4:      layout_basic, minmay_temple_entry_ruins, minmay_mini_ossuary
D:5:      layout_rooms, evilmike_ruin_ashenzari,
          mainiacjoe_overflow_surrounded_room, kennysheep_mini_moat,
          hangedman_decor_opposing, grunt_ministairs_10, roderic_batcave
D:6:      layout_layer_cave, gammafunk_ghost_split, uniq_grinder, uniq_edmund
D:7:      layout_cave_pools, mainiacjoe_overflow_concentric_impassable,
          nicolae_overflow_hidden_temple, gup_ossuary_entry_pyramid,
          kennysheep_opposing_triangles
D:8:      layout_loops_corners, minmay_evil_grid
D:9:      minmay_the_grid_triangle_9x9_rhombus_thin_mashed
          [minmay_the_grid_triangle_9x9_longest,
          minmay_the_grid_triangle_9x9_prize_special,
          minmay_the_grid_triangle_9x9_descending_squares,
          minmay_the_grid_triangle_9x9_intruding_spiral], layout_loops_ring,
          nicolae_hepliaklqana_hippocampus, mainiacjoe_overflow_catwalk,
          mainiacjoe_overflow_two_lobes, uniq_grum
D:10:     layout_loops_ring, serial_shops, nicolae_lakefront_shop,
          minmay_mirror_moons_of_madness
D:11:     evilmike_iron_armoury, layout_irregular_city, lair_entry_dummy,
          zombieorc2_lemuel
D:12:     layout_basic, uniq_nergalle
D:13:     layout_loops_cross, uniq_urug
Temple:   dshaligram_water_room_temple

Skill      XL: |  1  2  3  4  5  6  7  8  9 10 11 12 |
---------------+-------------------------------------+-----
Air Magic      | 4 6 7 8 9 11 12 | 12.9
Spellcasting   | 3 4 5 6 7 9 11 | 11.2
Dodging        | 2 3 4 5 6 |  6.3
Conjurations   | 2 3 4 5 6 7 8 |  8.3
Fighting       | 1 2 3 4 5 |  5.1
Axes           | 1 2 |  2.2
Long Blades    | |  0.6
Stealth        | |  1.7
Shields        | |  0.1
Transmutations | |  0.2
Evocations     | |  0.3

Action                   |  1- 3 |  4- 6 |  7- 9 | 10-12 || total
-------------------------+-------+-------+-------+-------++-------
Melee: Club              |    11 |       |       |       ||    11
       Tailslap          |     3 |     1 |    31 |    11 ||    46
       Unarmed           |     1 |       |       |       ||     1
       Dagger            |     8 |    16 |       |       ||    24
       Quarterstaff      |       |     1 |       |       ||     1
       Mace              |       |       |   246 |   101 ||   347
       War axe           |       |       |       |    54 ||    54
       Scimitar          |       |       |       |     7 ||     7
       Kick              |       |       |       |     2 ||     2
 Cast: Shock             |    71 |    90 |   306 |   225 ||   692
       Airstrike         |       |       |     8 |    81 ||    89
       Swiftness         |       |       |       |     5 ||     5
       Mephitic Cloud    |       |       |       |    32 ||    32
       Beastly Appendage |       |       |       |     1 ||     1
 Abil: Breathe Lightning |       |       |     5 |     6 ||    11
Evoke: Wand              |       |       |       |     4 ||     4
  Use: Scroll            |       |       |       |    15 ||    15
 Stab: Confused          |       |       |       |     2 ||     2
Armor: Skin              |    12 |     5 |   170 |    77 ||   264
Dodge: Dodged            |    19 |    16 |   366 |   251 ||   652
Block: Buckler           |       |       |       |    16 ||    16
